Map: Lightshade LE

Players

Scarlett

  • Race: Zerg Zerg

TIME (Oliveira) - Winner!

  • Race: Terran Terran

Event: DreamHack SC2 Masters 2021 Fall

VOD

Have the link to the VOD?

Description

Time

  • Played on: Sept. 9, 2021, 10:11 a.m.
  • Length: 16:59

All games in this series

Show
View Real Time Build Order
Export as new Build Order

Scarlett Zerg 

Build Orders: Pool First 

Get SALT Encoding   

  12  0:00  Drone  
  13  0:13  Overlord  
  13  0:17  Drone  
  14  0:31  Drone x2  
  14  0:34  Drone  
  17  0:45  Extractor  
  17  0:46  Drone  
  17  0:49  Spawning Pool  
  16  0:56  Drone  
  17  1:07  Drone  
  18  1:15  Hatchery  
  17  1:20  Drone  
  18  1:36  Queen  
  18  1:37  Zergling x2  
  18  1:39  Zergling x2  
  22  1:45  Metabolic Boost  
  22  1:51  Overlord  
  22  2:11  Queen, Drone x2  
  26  2:22  Drone  
  27  2:28  Queen  
  29  2:31  Drone  
  29  2:34  Drone  
  31  2:40  Drone  
  31  2:44  Overlord  
  32  2:48  Zergling x6  
  32  2:49  Zergling x2  
  36  3:05  Hatchery  
  36  3:10  Drone x4  
  39  3:19  Drone  
  40  3:24  Drone, Overlord  
  40  3:25  Drone x2  
  43  3:31  Overlord  
  43  3:32  Drone  
  43  3:43  Overlord  
  43  3:45  Drone x3  
  43  3:47  Queen  
  48  3:49  Queen  
  48  3:55  Drone x2  
  52  4:00  Drone x3  
  55  4:14  Drone x5  
  60  4:17  Extractor  
  60  4:19  Queen  
  60  4:20  Baneling Nest  
  60  4:22  Drone  
  61  4:24  Queen  
  61  4:27  Spore Crawler  
  61  4:30  Drone x3  
  65  4:35  Drone x3  
  68  4:40  Overlord  
  68  4:41  Queen  
  70  4:51  Spore Crawler x2, Drone x3  
  71  4:53  Overlord  
  71  5:03  Drone x7  
  78  5:08  Lair  
  78  5:11  Zergling x6  
  78  5:12  Zergling x2  
  81  5:20  Zergling x10, Extractor  
  85  5:21  Extractor  
  85  5:23  Queen  
  86  5:31  Zergling x8  
  86  5:33  Baneling x5  
  86  5:34  Overlord  
  86  5:35  Baneling x2  
  90  5:39  Baneling x6  
  73  5:51  Queen  
  73  5:56  Drone x5  
  73  5:57  Drone x2  
  79  5:59  Queen  
  79  6:03  Zergling x2  
  79  6:04  Zergling x10  
  87  6:14  Centrifical Hooks  
  87  6:16  Evolution Chamber  
  87  6:17  Evolution Chamber  
  85  6:20  Zergling x14  
  90  6:27  Hatchery  
  90  6:29  Drone x2  
  90  6:31  Drone  
  90  6:32  Zergling x6  
  94  6:34  Baneling  
  94  6:35  Baneling x4  
  94  6:40  Drone  
  94  6:46  Overlord x2  
  94  6:47  Overlord  
  95  6:48  Zerg Melee Weapons Level 1, Zerg Ground Armor Level 1  
  96  6:54  Hatchery  
  95  7:04  Zergling x6, Hatchery  
  95  7:07  Overlord x3  
  96  7:13  Zergling x10  
  100  7:22  Zergling x12  
  106  7:28  Overseer, Pneumatized Carapace  
  91  7:37  Drone  
  91  7:39  Zergling x12  
  91  7:43  Baneling x8  
  98  7:47  Queen  
  98  7:48  Hatchery  
  99  7:51  Overseer  
  99  7:55  Baneling x6  
  99  7:56  Drone x8  
  104  8:05  Zergling x2  
  104  8:06  Zergling x12  
  104  8:08  Baneling x6  
  100  8:18  Drone  
  100  8:19  Drone x7  
  106  8:22  Zergling x2  
  106  8:25  Queen  
  106  8:27  Zergling x6  
  110  8:31  Zergling x8  
  116  8:40  Zergling x10  
  117  8:46  Zerg Melee Weapons Level 2, Zerg Ground Armor Level 2  
  117  8:49  Zergling x2  
  117  8:50  Zergling x6  
  121  8:57  Zergling x18  
  130  9:03  Zergling x10  
  130  9:04  Spore Crawler  
  119  9:17  Baneling x13  
  119  9:18  Zergling x18  
  119  9:23  Zergling x16  
  131  9:26  Infestation Pit  
  131  9:27  Extractor  
  131  9:28  Zergling x12  
  130  9:31  Baneling x10  
  130  9:35  Zergling x12  
  134  9:45  Zergling x12  
  137  9:49  Drone  
  137  9:50  Drone  
  139  9:55  Overseer  
  139  9:57  Zergling x16  
  147  10:04  Drone  
  147  10:05  Drone x4  
  148  10:13  Zergling x6  
  148  10:14  Overlord x2, Hive  
  148  10:24  Zergling x18  
  148  10:25  Spore Crawler  
  136  10:29  Zergling x2  
  136  10:30  Zergling x4  
  136  10:35  Zergling x10  
  133  10:37  Zergling x6  
  133  10:39  Spore Crawler, Baneling x3  
  133  10:40  Queen, Baneling  
  133  10:42  Zergling x2, Baneling  
  138  10:43  Baneling x7  
  138  10:49  Zergling x22  
  133  10:57  Drone x2  
  133  10:58  Queen  
  133  11:04  Zergling x14  
  143  11:10  Overlord x3  
  132  11:12  Drone x6  
  132  11:17  Drone x3  
  132  11:22  Spore Crawler  
  131  11:29  Zerg Ground Armor Level 3, Zerg Melee Weapons Level 3, Adrenal Glands  
  131  11:32  Ultralisk Cavern  
  131  11:33  Extractor  
  131  11:38  Zergling x2  
  131  11:39  Zergling x28  
  144  11:42  Baneling x11  
  144  11:51  Drone x2  
  144  11:55  Drone x2  
  144  11:58  Zergling x16, Spore Crawler  
  152  12:04  Drone x3  
  152  12:05  Drone x3  
  158  12:11  Drone x3  
  149  12:16  Drone x10  
  156  12:23  Zergling x14  
  163  12:34  Drone  
  163  12:35  Drone x3  
  155  12:39  Zergling x2  
  155  12:40  Zergling x12  
  155  12:41  Baneling x9  
  155  12:42  Overseer  
  161  12:55  Zergling x16  
  161  12:56  Zergling x10  
  173  12:59  Chitinous Plating  
  150  13:21  Overlord x2  
  150  13:23  Ultralisk x3  
  150  13:25  Extractor, Drone x3  
  150  13:26  Extractor  
  169  13:29  Drone x5  
  169  13:30  Drone  
  158  13:41  Drone x8, Hatchery  
  158  13:43  Extractor  
  158  13:44  Extractor  
  162  13:48  Zergling x14  
  162  13:52  Pathogen Glands  
  159  13:55  Zergling x8  
  162  14:10  Hatchery  
  160  14:18  Anabolic Synthesis  
  160  14:20  Zergling x2  
  160  14:21  Zergling x40  
  180  14:29  Zergling x18  
  154  14:41  Ultralisk x2  
  161  14:45  Drone x2  
  161  14:46  Drone x4  
  161  14:48  Overlord x2  
  164  14:54  Infestor x3  
  164  14:58  Infestor x2  
  174  15:00  Burrow  
  174  15:04  Queen  
  176  15:11  Zergling x2  
  176  15:12  Zergling x20  
  187  15:15  Overseer  
  187  15:18  Baneling x11  
  187  15:19  Zergling x2  
  188  15:28  Zergling x20  
  178  15:34  Zergling x8  
  178  15:35  Zergling x2  
  151  15:47  Spore Crawler  
  124  15:57  Drone  
  124  15:58  Drone x9  
  124  16:01  Infestor x2  
Show
View Real Time Build Order
Export as new Build Order

TIME Terran - Winner!

Build Orders: Reaper Expand 

Get SALT Encoding   

  12  0:00  SCV  
  13  0:12  SCV  
  14  0:17  Supply Depot  
  14  0:25  SCV  
  15  0:38  SCV  
  15  0:40  Barracks  
  16  0:44  Refinery  
  16  0:50  SCV  
  17  1:03  SCV  
  18  1:15  SCV  
  19  1:28  Reaper, Orbital Command  
  20  1:38  Command Center  
  20  1:46  Supply Depot  
  20  1:54  SCV  
  20  1:59  Marine  
  22  2:06  SCV  
  23  2:11  Factory  
  23  2:14  Refinery  
  23  2:18  SCV  
  23  2:22  Barracks Reactor  
  24  2:26  Barracks  
  24  2:30  SCV  
  25  2:43  SCV  
  26  2:51  Orbital Command  
  26  2:55  Factory Tech Lab  
  26  2:56  SCV  
  27  2:59  Marine x2  
  28  3:09  SCV  
  29  3:14  Cyclone  
  29  3:17  Barracks Reactor  
  29  3:18  Marine x2  
  35  3:24  SCV  
  35  3:26  Supply Depot  
  34  3:33  Orbital Command  
  34  3:39  SCV  
  35  3:50  Marine  
  35  3:51  SCV, Stimpack  
  35  3:53  Hellion  
  35  3:54  Marine x2, Hellion  
  43  3:57  Starport  
  43  3:59  SCV  
  44  4:03  SCV  
  44  4:08  Marine, Supply Depot  
  46  4:12  Marine x2  
  46  4:15  SCV  
  49  4:18  SCV  
  50  4:26  Marine  
  50  4:27  SCV  
  50  4:29  Supply Depot  
  50  4:30  Marine, SCV  
  54  4:38  Marine  
  54  4:40  Medivac  
  54  4:41  Medivac  
  54  4:42  SCV x2  
  54  4:44  Marine  
  62  4:55  Command Center  
  62  4:57  SCV x2  
  64  5:03  Supply Depot  
  64  5:08  Supply Depot  
  64  5:09  Marine  
  64  5:10  SCV, Medivac  
  68  5:15  Factory Reactor  
  68  5:17  SCV  
  68  5:18  Marine  
  70  5:22  Barracks  
  70  5:24  SCV  
  71  5:30  Marine, Combat Shield  
  71  5:31  Engineering Bay  
  71  5:34  Engineering Bay  
  72  5:36  SCV  
  72  5:37  Refinery  
  72  5:38  Refinery, Marine  
  72  5:42  Marine  
  74  5:48  Marine  
  64  5:52  SCV  
  64  5:53  SCV  
  64  5:56  Marine  
  62  6:01  Terran Infantry Armor Level 1, Terran Infantry Weapons Level 1  
  62  6:02  Marine  
  64  6:04  SCV  
  64  6:05  Marine, SCV  
  64  6:07  Orbital Command  
  64  6:10  Barracks Reactor  
  64  6:11  Widow Mine x2  
  70  6:14  Marine  
  70  6:16  SCV, Medivac  
  70  6:18  SCV  
  75  6:25  Marine x2  
  75  6:28  Medivac  
  75  6:32  Marine  
  78  6:34  Widow Mine  
  78  6:35  SCV, Widow Mine  
  78  6:36  SCV  
  84  6:42  Marine  
  84  6:43  Marine  
  84  6:45  Orbital Command  
  84  6:46  Marine  
  87  6:49  Marine  
  87  6:51  Marine  
  87  6:52  Barracks  
  87  6:53  Barracks  
  89  7:00  Marine  
  89  7:01  Marine  
  90  7:03  Marine  
  90  7:05  SCV  
  90  7:06  Supply Depot, Armory  
  90  7:07  Marine  
  90  7:08  SCV  
  94  7:09  Marine, Widow Mine  
  94  7:10  Widow Mine  
  99  7:18  Marine  
  99  7:19  SCV, Supply Depot  
  101  7:23  Supply Depot  
  101  7:26  SCV  
  96  7:32  Marine x2  
  96  7:36  Marine x3  
  96  7:37  SCV x2  
  96  7:38  SCV  
  96  7:42  Supply Depot  
  96  7:43  Barracks Reactor x2  
  99  7:49  SCV x2  
  99  7:50  Marine, SCV  
  103  7:54  Marine x2  
  103  7:55  Terran Infantry Weapons Level 2  
  103  7:58  Marine  
  106  8:01  SCV  
  106  8:05  Marine  
  108  8:07  Marine  
  108  8:11  Marine  
  107  8:15  Marine  
  107  8:16  Marine  
  107  8:18  Medivac x2  
  111  8:22  Widow Mine x2  
  111  8:25  Marine x2  
  111  8:26  Marine  
  119  8:29  Marine  
  119  8:30  Factory  
  119  8:35  Supply Depot  
  119  8:36  Supply Depot  
  119  8:40  Marine x2  
  114  8:42  Marine x2  
  114  8:44  Terran Infantry Armor Level 2  
  114  8:45  SCV  
  117  8:50  Refinery, Widow Mine  
  119  8:56  Marine  
  119  8:58  Marauder  
  119  8:59  SCV  
  119  9:01  Supply Depot  
  119  9:02  Marine x3  
  126  9:04  Widow Mine  
  126  9:12  Marine  
  124  9:17  Factory Tech Lab  
  124  9:19  Marine  
  113  9:27  Marine x3  
  113  9:28  Marine x3  
  110  9:32  Widow Mine x2  
  110  9:33  Liberator x2  
  120  9:39  Marine  
  120  9:43  SCV  
  120  9:44  Siege Tank, Drilling Claws  
  120  9:47  Marine x3  
  123  9:54  Marine x2  
  123  9:55  SCV  
  123  9:56  Widow Mine  
  123  9:58  SCV  
  123  9:59  Marine  
  130  10:00  Marine  
  130  10:04  Widow Mine  
  133  10:14  Marine x3, Command Center  
  133  10:18  Sensor Tower  
  133  10:20  Medivac x2  
  140  10:24  Marine  
  124  10:29  SCV x2  
  124  10:35  Marine x3  
  118  10:36  SCV  
  118  10:39  Siege Tank  
  118  10:41  SCV  
  120  10:44  Marine  
  120  10:49  Widow Mine x2  
  125  10:50  Medivac  
  125  10:53  SCV  
  125  10:54  SCV  
  123  10:57  Marine  
  123  11:04  Marine  
  123  11:07  Medivac  
  123  11:09  Terran Infantry Weapons Level 3  
  128  11:17  Command Center  
  120  11:23  Supply Depot  
  117  11:26  Marine x3  
  117  11:28  Marine  
  117  11:32  Marine x2, Medivac  
  123  11:36  Widow Mine x2  
  123  11:37  Widow Mine, Medivac  
  123  11:39  Marine  
  132  11:42  Marine  
  132  11:46  Marine x2  
  132  11:48  SCV  
  132  11:49  Terran Infantry Armor Level 3  
  132  11:50  SCV x2  
  132  11:51  Marine  
  134  11:57  Marine x2  
  136  12:04  Marine  
  136  12:07  Marine  
  135  12:15  Marine x3  
  135  12:16  Siege Tank  
  135  12:18  Widow Mine x2  
  135  12:22  Barracks  
  135  12:24  Barracks x2  
  135  12:27  Marine x2  
  135  12:28  SCV  
  138  12:33  Marine  
  137  12:38  Marine, SCV  
  137  12:42  Marine, Widow Mine x2  
  142  12:44  Marauder  
  142  12:45  Marine  
  142  12:51  Supply Depot  
  142  12:52  Liberator x2  
  142  12:55  SCV  
  147  13:00  Planetary Fortress  
  147  13:04  Marine  
  146  13:06  Marine  
  146  13:12  SCV  
  145  13:13  Marine  
  145  13:14  Marine x2, Barracks Tech Lab  
  145  13:15  Barracks Tech Lab x2  
  145  13:19  Supply Depot, Command Center  
  148  13:20  Marine, Supply Depot  
  148  13:23  Widow Mine x2  
  148  13:24  Marine, SCV  
  155  13:29  Marine  
  155  13:32  Marine  
  157  13:37  Marine  
  157  13:38  Marine  
  157  13:39  Marauder x3  
  157  13:40  Concussive Shells  
  162  13:41  SCV, Marauder  
  162  13:42  Marine x2  
  162  13:48  SCV x2  
  167  13:53  Marine x3  
  170  13:58  Supply Depot x2  
  170  14:01  Marauder  
  172  14:08  Marauder  
  172  14:09  Marauder x2  
  157  14:14  Marine  
  157  14:15  Marine  
  157  14:16  Widow Mine x2, Medivac x2  
  167  14:21  Marine  
  167  14:22  Marauder  
  169  14:30  SCV  
  143  14:35  Marine x2  
  143  14:36  Marauder  
  135  14:39  Marine x3  
  135  14:40  SCV, Marauder  
  141  14:46  Marine x2, Marauder x2  
  141  14:50  SCV  
  147  14:53  SCV  
  147  14:55  Sensor Tower  
  147  14:59  Marine x2, Marauder  
  148  15:03  Widow Mine  
  148  15:04  SCV x3  
  153  15:08  Marine  
  153  15:09  Marine x2  
  153  15:12  Marauder  
  158  15:19  Marauder  
  160  15:27  Marine x2  
  160  15:28  Marauder  
  148  15:30  Marine  
  148  15:31  Widow Mine x2  
  148  15:33  Marine, SCV  
  148  15:35  Marine x2  
  153  15:36  Widow Mine  
  153  15:37  SCV  
  153  15:45  Marine  
  153  15:46  Marine, Marauder  
  153  15:48  Medivac  
  153  15:49  Marine x2  
  159  15:50  Marauder  
  159  15:54  Marine x2  
  159  15:56  Widow Mine x2  
  165  15:58  Hellion  
  165  16:00  Marine  
  165  16:01  Marine x2  
  165  16:02  Marauder  
  158  16:06  Marine  
  158  16:08  Planetary Fortress  
  158  16:10  Marine  
  160  16:11  Supply Depot  
  160  16:12  Supply Depot  
  160  16:17  Marine x2  
  154  16:19  Widow Mine x2, Medivac  
  154  16:20  Marine x2  
  162  16:26  Supply Depot x2  
  162  16:27  Command Center  

Tags
 
Add a new tag
Caveats
  • Supply blocks, unpowered buildings, or Contaminate may cause inaccurate times.
  • Supply counts are checked every 10 seconds.